SAL
ASHEVILLE TOURISTS @ HAGERSTOWN SUNS
08/04/2042
 
TOP OF THE 1ST
Asheville Tourists batting - Pitching for Hagerstown Suns : LHP Laurenço Sala
Pitching: LHP Laurenço Sala
Batting: RHB Jeremy Quezada 0-0: Ball
1-0: Fly out, F9 (Flyball, 9D, EV 78.8 MPH)
Batting: RHB Sam Ceniceros 0-0: Ball
1-0: Called Strike
1-1: Called Strike
1-2: Foul Ball, location: 9LMF
1-2: Strikes out looking
Batting: SHB Pat Loughmiller 0-0: Called Strike
0-1: Foul Ball, location: 5FF
0-2: Ball
1-2: Strikes out swinging
Top of the 1st over - 0 runs, 0 hits, 0 errors, 0 left on base; Asheville 0 - Hagerstown 0
BOTTOM OF THE 1ST
Hagerstown Suns batting - Pitching for Asheville Tourists : RHP Jose Vasquez
Pitching: RHP Jose Vasquez
Batting: LHB Sam Grant 0-0: Ground out 4-3 (Groundball, 34, EV 107.5 MPH)
Batting: RHB William Morales 0-0: Ball
1-0: SINGLE (Groundball, 34D, EV 110.0 MPH)
Batting: RHB Rick Baca 0-0: Ball
1-0: SINGLE (Groundball, 56D, EV 103.8 MPH)
William Morales to second
Batting: RHB Eric Brunner 0-0: Ball
1-0: Called Strike
1-1: Ball
2-1: Foul Ball, location: 2F
2-2: Ball
3-2: Grounds into double play, 6-4-3 (Groundball, 6D, EV 97.5 MPH)
Bottom of the 1st over - 0 runs, 2 hits, 0 errors, 1 left on base; Asheville 0 - Hagerstown 0
TOP OF THE 2ND
Asheville Tourists batting - Pitching for Hagerstown Suns : LHP Laurenço Sala
Batting: RHB Nate Kelly 0-0: Foul Ball, location: 7LDF
0-1: Called Strike
0-2: Ball
1-2: Ground out 5-3 (Groundball, 56, EV 106.9 MPH)
Batting: RHB Dan Morris 0-0: Called Strike
0-1: Ball
1-1: Ball
2-1: Foul Ball, location: 7LMF
2-2: Ball
3-2: Fly out, F5 (Popup, 25, EV 78.8 MPH)
Batting: LHB Dan Williams 0-0: Ball
1-0: Foul Ball, location: 3F
1-1: Ground out 6-3 (Groundball, 4MD, EV 94.4 MPH)
Top of the 2nd over - 0 runs, 0 hits, 0 errors, 0 left on base; Asheville 0 - Hagerstown 0
BOTTOM OF THE 2ND
Hagerstown Suns batting - Pitching for Asheville Tourists : RHP Jose Vasquez
Batting: RHB Ethan Hayes 0-0: SOLO HOME RUN (Flyball, 7D, EV 95.6 MPH), Distance : 371 ft
Batting: RHB Dan Lees 0-0: Ball
1-0: Ball
2-0: Ball
3-0: Foul Ball, location: 3F
3-1: Foul Ball, location: 5FF
3-2: SINGLE (Line Drive, 78S, EV 105.6 MPH)
Batting: RHB Marco Alvarez 0-0: Bunted foul
0-1: Sac Bunt to 15 - play at second, runner OUT! 1-6
Batting: LHB Kevin Capps 0-0: Ball
1-0: Swinging Strike
1-1: Fielders Choice at 2nd, 2-4 (Groundball, 2L, EV 75.0 MPH)
Batting: RHB Jim Oliverio 0-0: Hit by Pitch
Kevin Capps to second
Batting: LHB Sam Grant 0-0: Ball
1-0: Ball
2-0: Swinging Strike
2-1: Ball
3-1: Foul Ball, location: 5F
3-2: Strikes out looking
Bottom of the 2nd over - 1 run, 2 hits, 0 errors, 2 left on base; Asheville 0 - Hagerstown 1
TOP OF THE 3RD
Asheville Tourists batting - Pitching for Hagerstown Suns : LHP Laurenço Sala
Batting: SHB Steve Schultz 0-0: Ball
1-0: Called Strike
1-1: Foul Ball, location: 9LMF
1-2: Ball
2-2: Foul Ball, location: 25FF
2-2: Ball
3-2: Foul Ball, location: 9LDF
3-2: Strikes out swinging
Batting: SHB Chris Delgado 0-0: Ball
1-0: Called Strike
1-1: Ball
2-1: Foul Ball, location: 2F
2-2: Ground out 4-3 (Groundball, 4MD, EV 102.5 MPH)
Batting: RHB Mike Porter 0-0: Called Strike
0-1: Ground out 3-1 (Groundball, 34, EV 88.8 MPH)
Top of the 3rd over - 0 runs, 0 hits, 0 errors, 0 left on base; Asheville 0 - Hagerstown 1
BOTTOM OF THE 3RD
Hagerstown Suns batting - Pitching for Asheville Tourists : RHP Jose Vasquez
Batting: RHB William Morales 0-0: Called Strike
0-1: Swinging Strike
0-2: Ball
1-2: Ball
2-2: Foul Ball, location: 9LSF
2-2: Strikes out looking
Batting: RHB Rick Baca 0-0: Called Strike
0-1: SINGLE (Line Drive, 4MD, EV 100.0 MPH)
Batting: RHB Eric Brunner 0-0: Ground out 4-3 (Groundball, 34D, EV 108.1 MPH)
Rick Baca to second
Batting: RHB Ethan Hayes 0-0: Called Strike
0-1: Ball
1-1: Ball
2-1: Swinging Strike
2-2: Strikes out swinging
Bottom of the 3rd over - 0 runs, 1 hit, 0 errors, 1 left on base; Asheville 0 - Hagerstown 1
TOP OF THE 4TH
Asheville Tourists batting - Pitching for Hagerstown Suns : LHP Laurenço Sala
Batting: RHB Jeremy Quezada 0-0: SINGLE (Line Drive, 8RS, EV 88.1 MPH)
Batting: RHB Sam Ceniceros 0-0: Bunted foul
0-1: Called Strike
0-2: Ball
1-2: Ball
2-2: Foul Ball, location: 9LSFF
2-2: Fielders Choice at 2nd, 3-6 (Groundball, 34S, EV 91.9 MPH)
Batting: SHB Pat Loughmiller 0-0: Foul Ball, location: 2F
0-1: Ball
Sam Ceniceros is caught stealing 2nd base 2-4
1-1: Ball
2-1: Ball
3-1: Fly out, F2 (Popup, 23F, EV 93.1 MPH)
Top of the 4th over - 0 runs, 1 hit, 0 errors, 0 left on base; Asheville 0 - Hagerstown 1
BOTTOM OF THE 4TH
Hagerstown Suns batting - Pitching for Asheville Tourists : RHP Jose Vasquez
Batting: RHB Dan Lees 0-0: Ball
1-0: Called Strike
1-1: Swinging Strike
1-2: Ball
2-2: Strikes out swinging
Batting: RHB Marco Alvarez 0-0: Ball
1-0: Ball
2-0: SINGLE (Groundball, 56D, EV 96.9 MPH)
Batting: LHB Kevin Capps 0-0: DOUBLE (Flyball, 7LD, EV 86.9 MPH)
Marco Alvarez to third
Batting: RHB Jim Oliverio 0-0: SINGLE (Flyball, 6D, EV 88.8 MPH)
Marco Alvarez scores
Kevin Capps to third
Batting: LHB Sam Grant 0-0: SINGLE (Line Drive, 34D, EV 97.5 MPH)
Kevin Capps scores
Jim Oliverio to second
Batting: RHB William Morales 0-0: Foul Ball, location: 9LMF
0-1: Called Strike
0-2: Ball
1-2: Ball
2-2: Strikes out swinging
Batting: RHB Rick Baca 0-0: Ball
1-0: Called Strike
1-1: Called Strike
1-2: Strikes out swinging
Bottom of the 4th over - 2 runs, 4 hits, 0 errors, 2 left on base; Asheville 0 - Hagerstown 3
TOP OF THE 5TH
Asheville Tourists batting - Pitching for Hagerstown Suns : LHP Laurenço Sala
Batting: RHB Nate Kelly 0-0: Ball
1-0: Ball
2-0: Called Strike
2-1: Foul Ball, location: 5F
2-2: Ball
3-2: Fly out, F9 (Flyball, 9, EV 91.3 MPH)
Batting: RHB Dan Morris 0-0: Ground out U3 (Groundball, 3S, EV 84.4 MPH)
Batting: LHB Dan Williams 0-0: Ball
1-0: Called Strike
1-1: Foul Ball, location: 7LSF
1-2: Ball
2-2: Strikes out swinging
Top of the 5th over - 0 runs, 0 hits, 0 errors, 0 left on base; Asheville 0 - Hagerstown 3
BOTTOM OF THE 5TH
Hagerstown Suns batting - Pitching for Asheville Tourists : RHP Jose Vasquez
Batting: RHB Eric Brunner 0-0: Ball
1-0: Fly out, F8 (Flyball, 89M, EV 86.3 MPH)
Batting: RHB Ethan Hayes 0-0: Ball
1-0: SINGLE (Groundball, 3S, EV 66.3 MPH) (infield hit)
Batting: RHB Dan Lees 0-0: Called Strike
0-1: Foul Ball, location: 7LDF
0-2: Strikes out swinging
Batting: RHB Marco Alvarez 0-0: Foul Ball, location: 2F
0-1: Foul Ball, location: 7LMF
0-2: Fly out, F5 (Popup, 5SF, EV 73.1 MPH)
Bottom of the 5th over - 0 runs, 1 hit, 0 errors, 1 left on base; Asheville 0 - Hagerstown 3
TOP OF THE 6TH
Asheville Tourists batting - Pitching for Hagerstown Suns : LHP Laurenço Sala
Batting: SHB Steve Schultz 0-0: Ball
1-0: Ball
2-0: Ball
3-0: Base on Balls
Batting: SHB Chris Delgado 0-0: Ball
Steve Schultz steals 2nd base
1-0: Ball
2-0: Fly out, F8 (Flyball, 78D, EV 87.5 MPH)
Batting: RHB Mike Porter 0-0: Foul Ball, location: 2F
0-1: Ball
1-1: Swinging Strike
1-2: Ball
2-2: SINGLE (Line Drive, 8LS, EV 105.0 MPH)
Steve Schultz to third
Runner from 3rd tries for Home, SAFE, throw by CF to home
Batting: RHB Jeremy Quezada 0-0: Ball
1-0: Called Strike
1-1: Swinging Strike
1-2: Ball
2-2: SINGLE (Line Drive, 78S, EV 95.0 MPH)
Mike Porter to second
Batting: RHB Sam Ceniceros 0-0: Ball
1-0: Called Strike
1-1: Ball
2-1: Called Strike
2-2: Ball
3-2: Strikes out looking
Batting: SHB Pat Loughmiller 0-0: SINGLE (Line Drive, 9S, EV 91.9 MPH)
Mike Porter to third
Jeremy Quezada to second
Batting: RHB Nate Kelly 0-0: Called Strike
0-1: Foul Ball, location: 9LMFF
0-2: Foul Ball, location: 9LMF
0-2: Fly out, F8 (Line Drive, 8RS, EV 90.0 MPH)
Top of the 6th over - 1 run, 3 hits, 0 errors, 3 left on base; Asheville 1 - Hagerstown 3
BOTTOM OF THE 6TH
Hagerstown Suns batting - Pitching for Asheville Tourists : RHP Jose Vasquez
Batting: LHB Kevin Capps 0-0: Ball
1-0: Ball
2-0: Fly out, F9 (Flyball, 9LM, EV 94.4 MPH)
Batting: RHB Jim Oliverio 0-0: Ball
1-0: Foul Ball, location: 25F
1-1: Swinging Strike
1-2: Foul Ball, location: 5FF
1-2: Ball
2-2: Strikes out swinging
Batting: LHB Sam Grant 0-0: Ball
1-0: Ball
2-0: Swinging Strike
2-1: Ball
3-1: Base on Balls
Batting: RHB William Morales 0-0: Ball
1-0: Ball
2-0: Fielders Choice at 2nd, 6-4 (Groundball, 6, EV 82.5 MPH)
Bottom of the 6th over - 0 runs, 0 hits, 0 errors, 1 left on base; Asheville 1 - Hagerstown 3
TOP OF THE 7TH
Asheville Tourists batting - Pitching for Hagerstown Suns : LHP Laurenço Sala
Batting: RHB Dan Morris 0-0: Called Strike
0-1: Swinging Strike
0-2: Strikes out swinging
Batting: LHB Dan Williams 0-0: Ball
1-0: Foul Ball, location: 7LMF
1-1: SINGLE (Groundball, 34, EV 84.4 MPH)
Pitching: RHP Mike Cox
Batting: SHB Steve Schultz 0-0: Called Strike
0-1: Swinging Strike
0-2: Ball
1-2: Ball
2-2: Strikes out swinging
Batting: SHB Chris Delgado 0-0: Fly out, F8 (Flyball, 8RM, EV 95.6 MPH)
Top of the 7th over - 0 runs, 1 hit, 0 errors, 1 left on base; Asheville 1 - Hagerstown 3
BOTTOM OF THE 7TH
Hagerstown Suns batting - Pitching for Asheville Tourists : RHP Jose Vasquez
Batting: RHB Rick Baca 0-0: Ball
1-0: Foul Ball, location: 2F
1-1: Foul Ball, location: 25F
1-2: Ball
2-2: Ground out 4-3 (Groundball, 4MD, EV 96.9 MPH)
Pitching: RHP Marc Morris
Batting: RHB Eric Brunner 0-0: Foul Ball, location: 2F
0-1: Ball
1-1: Fly out, F4 (Popup, 13, EV 80.6 MPH)
Batting: RHB Ethan Hayes 0-0: Ball
1-0: Ball
2-0: Called Strike
2-1: Ball
3-1: Base on Balls
Batting: RHB Dan Lees 0-0: Fly out, F8 (Line Drive, 8RD, EV 86.3 MPH)
Bottom of the 7th over - 0 runs, 0 hits, 0 errors, 1 left on base; Asheville 1 - Hagerstown 3
TOP OF THE 8TH
Asheville Tourists batting - Pitching for Hagerstown Suns : RHP Mike Cox
Batting: RHB Mike Porter 0-0: Ball
1-0: Ball
2-0: SINGLE (Groundball, 6M, EV 106.3 MPH)
Batting: RHB Jeremy Quezada 0-0: Ball
1-0: Ground out 5-3 (Groundball, 56S, EV 75.6 MPH)
Mike Porter to second
Batting: RHB Sam Ceniceros 0-0: Foul Ball, location: 7LSFF
0-1: Ball
1-1: Ball
2-1: Foul Ball, location: 3F
2-2: Ball
3-2: Base on Balls
Batting: SHB Pat Loughmiller 0-0: Ball
1-0: Ball
2-0: Fly out, F9 (Line Drive, 9, EV 109.4 MPH)
Batting: RHB Nate Kelly 0-0: Ball
1-0: Ball
2-0: Ball
3-0: Swinging Strike
3-1: Called Strike
3-2: Base on Balls
Mike Porter to third
Sam Ceniceros to second
Batting: RHB Dan Morris 0-0: Foul Ball, location: 23FF
0-1: Fly out, F8 (Flyball, 8LXD, EV 101.3 MPH)
Top of the 8th over - 0 runs, 1 hit, 0 errors, 3 left on base; Asheville 1 - Hagerstown 3
BOTTOM OF THE 8TH
Hagerstown Suns batting - Pitching for Asheville Tourists : RHP Marc Morris
Batting: RHB Marco Alvarez 0-0: Ball
1-0: Fly out, F7 (Flyball, 7, EV 95.6 MPH)
Batting: LHB Kevin Capps 0-0: Called Strike
0-1: Foul Ball, location: 3SF
0-2: Ball
1-2: Foul Ball, location: 25F
1-2: Ground out 6-3 (Groundball, 6MD, EV 99.4 MPH)
Batting: RHB Jim Oliverio 0-0: Ball
1-0: Ball
2-0: Foul Ball, location: 9LSF
2-1: Ball
3-1: Base on Balls
Batting: LHB Sam Grant 0-0: Ball
1-0: Swinging Strike
1-1: Ball
2-1: Swinging Strike
2-2: Foul Ball, location: 2F
2-2: Foul Ball, location: 7LSF
2-2: Fly out, F5 (Popup, 5F, EV 59.4 MPH)
Bottom of the 8th over - 0 runs, 0 hits, 0 errors, 1 left on base; Asheville 1 - Hagerstown 3
TOP OF THE 9TH
Asheville Tourists batting - Pitching for Hagerstown Suns : RHP Mike Cox
Pitching: LHP Kevin Wilson
Now at 1B: Damani Ruffin
Batting: LHB Dan Williams 0-0: Called Strike
0-1: Swinging Strike
0-2: Strikes out swinging
Batting: SHB Steve Schultz 0-0: Ball
1-0: Ball
2-0: Ground out 1-3 (Groundball, 15, EV 69.4 MPH)
Batting: SHB Chris Delgado 0-0: Ball
1-0: Called Strike
1-1: Ball
2-1: Swinging Strike
2-2: Ball
3-2: Foul Ball, location: 23F
3-2: Ground out 4-3 (Groundball, 4S, EV 61.3 MPH)
Top of the 9th over - 0 runs, 0 hits, 0 errors, 0 left on base; Asheville 1 - Hagerstown 3
Monday, January 13th , 2025 - OOTP Baseball 25.11 Build 101